 Dungeon Crawl Stone Soup version 0.29.1-15-g9cfb28693d (webtiles) character file.

Game seed: 264300258863519738

25 Smoke131 the Firebug (level 2, 0/20 HPs)
             Began as a Draconian Fire Elementalist on Feb 26, 2023.
             Slain by a kobold
             ... wielding a +0 whip
              (2 damage)
             ... on level 2 of the Dungeon.
             The game lasted 00:02:08 (921 turns).

Smoke131 the Firebug (Draconian Fire Elementalist)   Turns: 921, Time: 00:02:09

Health: 0/20       AC:  5    Str: 10    XL:     2   Next: 82%
Magic:  2/5        EV: 12    Int: 15    God:
Gold:   59         SH:  0    Dex: 11    Spells: 2/5 levels left

rFire   . . .      SeeInvis .   f - +0 long sword
rCold   . . .      Faith    .   (no shield)
rNeg    . . .      Spirit   .   (body armour unavailable)
rPois   .          Reflect  .   (helmet restricted)
rElec   .          Harm     .   b - +0 cloak
rCorr   .          Rampage  .   (no gloves)
Will    .....                   (no boots)
Stlth   ++........              (no amulet)
HPRegen 0.06/turn               (no ring)
MPRegen 0.09/turn               (no ring)

@: no status effects
A: AC +4, unfitting armour, cold-blooded
a: no special abilities


You were on level 2 of the Dungeon.
You visited 1 branch of the dungeon, and saw 2 of its levels.

You collected 59 gold pieces.

Inventory:

Hand Weapons
 f - a +0 long sword (weapon)
Armour
 b - a +0 cloak (worn)
Scrolls
 d - a scroll of immolation {unknown}
 g - 2 scrolls of vulnerability {unknown}
 i - a scroll of blinking {unknown}
 j - a scroll of identify {unknown}
Potions
 a - 2 potions of magic
 c - a potion of heal wounds {unknown}
 e - a potion of attraction {unknown}
 h - a potion of flight {unknown}
 k - a potion of ambrosia {unknown}


   Skills:
 + Level 2.1 Dodging
 - Level 1.7 Stealth
 + Level 2.3 Spellcasting
 + Level 1.6 Conjurations
 + Level 3.3 Fire Magic


You had 2 spell levels left.
You knew the following spells:

 Your Spells              Type           Power      Damage    Failure   Level
a - Foxfire               Conj/Fire      36%        2x1d5     8%          1
b - Scorch                Fire           22%        2d6       9%          2

Your spell library contained the following spells:

 Spells                   Type           Power      Damage    Failure   Level
 Conjure Flame            Conj/Fire      9%         6-21      24%         3
 Inner Flame              Hex/Fire       6%         N/A       32%         3
 Flame Wave               Conj/Fire      9%         2d6       61%         4


Dungeon Overview and Level Annotations

Branches:
Dungeon (2/15)

Altars:

Shops:
D:2 *


Innate Abilities, Weirdness & Mutations

Your plain brown scales are hard. (AC +4)
You cannot fit into any form of body armour.
You are cold-blooded and may be slowed by cold attacks.


Message History

You kill the endoplasm!
The endoplasm quivers.
The kobold shouts!
You hear a shout!
The kobold throws a stone.
The stone hits you.
The endoplasm quivers.
A goblin comes into view. It is wielding a +0 club.
You see here a scroll labelled QOIQUCIDAA.
Casting: Scorch (safe; 9% risk of failure)
Confirm with . or Enter, or press ? or * to list all spells.
Flames lash the endoplasm.
You kill the endoplasm!
The endoplasm jiggles.
Casting: Scorch (safe; 9% risk of failure)
Confirm with . or Enter, or press ? or * to list all spells.
You don't have enough magic to cast this spell.
The goblin hits you but does no damage.
You miss the goblin.
Your tail-slap misses the goblin.
The goblin closely misses you.
The kobold throws a stone.
The stone misses you. The goblin closely misses you.
The kobold throws a stone.
The stone hits you but does no damage.
You completely miss the goblin. The goblin misses you.
The endoplasm hits you but does no damage.
You barely miss the goblin. The goblin hits you but does no damage.
The endoplasm barely misses you. The kobold barely misses you.
You closely miss the goblin. The goblin misses you.
The kobold hits you with a +0 whip. The endoplasm freezes you.
You are frozen.
You feel yourself slow down. The goblin closely misses you.
The kobold hits you with a +0 whip. The endoplasm barely misses you.
You barely miss the goblin. You tail-slap the goblin.
The goblin is almost dead.
You feel yourself speed up. The goblin misses you.
The kobold closely misses you. The endoplasm freezes you.
You are frozen.
* * * LOW HITPOINT WARNING * * *
The goblin hits you with a +0 club.
* * * LOW HITPOINT WARNING * * *
The endoplasm completely misses you. The kobold hits you with a +0 whip.
You die...

####.####
#.###.##.. ###.#
#..#..##.# #...#
#........# #...#
#######..# #...#
#∩.# ##.########
#..# ####.#.......
###...
#..g.J.......
#.....
#.##@#.......
#.#.## #
#.K....... ...#.#
###.......#####.##
.......#.......
.......#.###.##
########.###.#
#.<.##.# #...##.#
#...##..


You could see an endoplasm, a goblin and a kobold.

Vanquished Creatures
  3 ball pythons
  5 endoplasms
  A giant cockroach (D:1)
  A goblin (D:1)
  3 hobgoblins (D:1)
  A kobold (D:1)
  A quokka (D:1)
  3 bats
  2 frilled lizards (D:1)
  A rat (D:2)
21 creatures vanquished.

Vanquished Creatures (others)
  30 foxfires (D:1)
30 creatures vanquished.

Grand Total: 51 creatures vanquished

Notes
Turn   | Place    | Note
-------+----------+-------------------------------------------
     0 | D:1      | Smoke131 the Draconian Fire Elementalist began the quest
                  | for the Orb.
     0 | D:1      | Reached XP level 1. HP: 14/14 MP: 3/3
   222 | D:1      | Reached XP level 2. HP: 20/20 MP: 1/5
   788 | D:1      | Learned a level 2 spell: Scorch
   795 | D:2      | Found Wewnulicw's Assorted Antiques.
   921 | D:2      | Slain by a kobold

Illustrated notes

Levels and vault maps discovered:
D:1:      dpeg_arrival_fog, layout_rooms
D:2:      layout_loops_cross, serial_shops, shop, uniq_sigmund

Skill      XL: |  1 |
---------------+----+-----
Dodging        | 2 |  2.1
Stealth        | |  1.7
Spellcasting   | |  2.3
Conjurations   | |  1.6
Fire Magic     | |  3.3

Action                   || total
-------------------------++-------
Melee: Unarmed           ||     9
       Long sword        ||    29
       Tailslap          ||     2
 Cast: Foxfire           ||    18
       Scorch            ||     2
Armor: Skin              ||    27
Dodge: Dodged            ||    47
